 Dungeon Crawl Stone Soup version 0.31-a0-175-g9f7f995f2b (webtiles) character file.

Game seed: 10133991595980794531

175 qw the Shooter (level 5, -1/32 HPs)
             Began as a Gargoyle Hunter on June 17, 2023.
             Killed by divine providence
             ... invoked by an orc priest
              (13 damage)
             ... on level 3 of the Dungeon.
             The game lasted 00:00:55 (2086 turns).

qw the Shooter (Gargoyle Hunter)                    Turns: 2086, Time: 00:00:55

Health: -1/32      AC: 13    Str: 14    XL:     5   Next: 55%
Magic:  5/5        EV: 10    Int: 10    God:
Gold:   219        SH:  0    Dex: 15    Spells: 4/4 levels left

rFire   . . .        Y - +0 shortbow
rCold   . . .        (shield currently unavailable)
rNeg    + . .        e - +0 ring mail
rPois   inf          (no helmet)
rElec   +            (no cloak)
rCorr   .            (no gloves)
SInv    .            (no boots)
Will    .....        (no amulet)
Stlth   +            c - +4 ring of protection
HPRegen 0.25/turn    (no ring)
MPRegen 0.09/turn

%: no passive effects
@: no status effects
A: sickness immunity, AC +4, negative energy resistance 1, electricity
resistance, torment resistance 1, petrification resistance
a: no special abilities


You were on level 3 of the Dungeon.
You visited 1 branch of the dungeon, and saw 3 of its levels.

You collected 219 gold pieces.


Innate Abilities, Weirdness & Mutations

You are immune to sickness and miasma.
Your stone body is resilient. (AC +4)
You are immune to poison.
You resist negative energy. (rN+)
You are resistant to electric shocks. (rElec)
You are resistant to unholy torment.
You are immune to petrification.


   Skills:
 + Level 3.1 Fighting
 - Level 6.1 Ranged Weapons
 - Level 1.0 Armour
 - Level 1.5 Dodging
 - Level 1.1 Stealth


You had 4 spell levels left.
You didn't know any spells.
Your spell library was empty.

Inventory:

Hand Weapons
 Y - a +0 shortbow (weapon)
Armour
 e - a +0 ring mail (worn)
Jewellery
 a - a ring of willpower
 b - a ring of flight
 c - a +4 ring of protection (left hand)
Scrolls
 d - 5 scrolls of identify

Dungeon Overview and Level Annotations

Branches:
Dungeon (3/15)

Altars:


Message History

The bat closely misses you.
You shoot an arrow. The arrow hits the orc.
The orc is almost dead.
The bat misses you.
An orc priest comes into view. It is wielding a +0 hand axe.
The bat hits you but does no damage.
You shoot an arrow. The arrow closely misses the bat.
The arrow hits the orc but does no damage.
The orc is almost dead.
The bat closely misses you.
You shoot an arrow. The arrow closely misses the bat.
The arrow hits the orc.
You kill the orc!
The bat misses you.
The orc priest calls down the wrath of Beogh upon you.
Beogh smites you!
Ouch! That really hurt!
You shoot an arrow. The arrow hits the bat.
You kill the bat!
You shoot an arrow. The arrow hits the orc.
The orc is heavily wounded.
The orc hits you with a +0 flail.
You shoot an arrow. The arrow barely misses the orc.
The arrow hits the orc priest.
The orc priest is lightly wounded.
The orc barely misses you. x2
You shoot an arrow. The arrow barely misses the orc.
The arrow barely misses the orc priest.
The orc closely misses you.
A worm comes into view.
You shoot an arrow. The arrow hits the orc.
You kill the orc!
You shoot an arrow. The arrow hits the orc.
The orc is lightly wounded.
The orc hits you but does no damage.
You shoot an arrow. The arrow barely misses the orc.
The arrow hits the orc priest.
The orc priest is heavily wounded.
The orc priest calls down the wrath of Beogh upon you.
Beogh smites you!
You die...

#........# #.#.####.#
#.#...[#.## #
#.#..#.#.## #.
#.#..#.#.## #..
#..(...#)## #.).
##########.##
##...w######..........##
.....oo@...#.###########
##....####.#........# #
#... #.#.)#.....## # #..
#.#.........### #.
#.....#..#...#. #
#........(.....
#...#......#..#
#.............#
#.....[%......#


You could see a worm, an orc priest and an orc.

Vanquished Creatures
  2 orc priests (D:3)
  2 orc wizards (D:3)
  An adder (D:2)
  2 worms
  7 orcs (D:3)
  4 ball pythons
  7 endoplasms
  3 giant cockroaches
  2 goblins (D:1)
  4 hobgoblins
  8 jackals
  2 quokkas (D:1)
  4 bats
  4 frilled lizards
  3 kobolds
  5 rats
60 creatures vanquished.

Notes
Turn   | Place    | Note
-------+----------+-------------------------------------------
     0 | D:1      | qw the Gargoyle Hunter began the quest for the Orb.
     0 | D:1      | Reached XP level 1. HP: 12/12 MP: 1/1
     0 | D:1      | 0 ||| qw: Version: 0.3-a-2-g5ab2908
     0 | D:1      | 0 ||| qw: Game counter: 303
     0 | D:1      | 0 ||| qw: Always use a shield: true
     0 | D:1      | 0 ||| qw: God list: Okawaru
     0 | D:1      | 0 ||| qw: Allow faded altars: false
     0 | D:1      | 0 ||| qw: Do Orc after D:15 true
     0 | D:1      | 0 ||| qw: Do second Lair branch before Depths: true
     0 | D:1      | 0 ||| qw: Lair rune preference: random
     0 | D:1      | 0 ||| qw: Plans: Normal, Zot:1-4, Slime:5, God:TSO, Crypt,
                  | Tomb, Abyss, Pan, Hells, Win
     0 | D:1      | 0 ||| PLANNING D:1-11
   204 | D:1      | Reached XP level 2. HP: 17/17 MP: 2/2
   343 | D:1      | 343 ||| Stepping ~*~*~tactically~*~*~ (water).
   365 | D:1      | 365 ||| UPGRADING to +0 ring mail.
   371 | D:1      | 371 ||| UPGRADING to +0 ring mail.
   381 | D:1      | 381 ||| DROPPING +0 leather armour.
   501 | D:1      | Reached XP level 3. HP: 21/21 MP: 3/3
   508 | D:1      | Reached skill level 1 in Armour
   831 | D:1      | 831 ||| UPGRADING to +4 ring of protection.
   832 | D:1      | 832 ||| READING scroll labelled NEEHEXTAQAO.
   837 | D:1      | 837 ||| READING scroll labelled PAERRI RE NAUM.
   838 | D:1      | 838 ||| DROPPING scroll of butterflies.
   912 | D:2      | Reached skill level 5 in Ranged Weapons
  1286 | D:2      | Found a faded altar of an unknown god.
  1341 | D:2      | Identified the +1 hand axe of Lenaadd {venom, Int+6}
  1585 | D:2      | 1585 ||| READING scroll labelled GEMAL XYG ZYED.
  1586 | D:2      | 1586 ||| READING 3 scrolls labelled ASOCEA BU ASSA.
  1587 | D:2      | 1587 ||| READING scroll labelled TUNIETI BOPEMM.
  1588 | D:2      | 1588 ||| DROPPING 2 scrolls of fog.
  1609 | D:3      | Reached skill level 3 in Fighting
  1609 | D:3      | Reached XP level 4. HP: 28/28 MP: 4/4
  1703 | D:3      | Reached XP level 5. HP: 12/32 MP: 5/5
  1910 | D:3      | 1910 ||| FLEEEEING.
  1911 | D:3      | 1911 ||| FLEEEEING.
  1916 | D:3      | 1916 ||| FLEEEEING.
  1947 | D:3      | Reached skill level 6 in Ranged Weapons
  2086 | D:3      | Killed from afar by an orc priest

Levels and vault maps discovered:
D:1:      evilmike_arrival_hilbert_curve, layout_basic,
          hangedman_decor_opposing, serial_bayou_crossing
D:2:      layout_loops_ring, ebering_ecumenical_altar_box, minivault_5,
          kennysheep_minor_cross, minmay_tromino_v4_a
D:3:      layout_basic, mainiacjoe_overflow_cross_hatched,
          minmay_misc_feat_plants

Skill      XL: |  1  2  3  4  5 |
---------------+----------------+-----
Armour         | 1 |  1.0
Ranged Weapons | 5 6 |  6.1
Fighting       | 3 |  3.1
Dodging        | |  1.5
Stealth        | |  1.1

Action                     |  1- 3 |  4- 6 || total
---------------------------+-------+-------++-------
   Fire: Shortbow          |   142 |    82 ||   224
    Use: Scroll            |     5 |       ||     5
 Armour: Leather armour    |    27 |       ||    27
         Ring mail         |    19 |    63 ||    82
  Dodge: Dodged            |    70 |    24 ||    94

Table legend:
 A = Non-vault XP
 B = Vault XP
 C = Vault XP percentage of total XP
 D = Non-vault monster count
 E = Vault monster count
 F = Vault count percentage of total count
                 A         B        C        D         E       F
            +---------+---------+-------+---------+---------+-------
      Total |     249 |       1 |   0.4 |      59 |       1 |   1.7
            +---------+---------+-------+---------+---------+-------
        D:1 |      46 |       0 |   0.0 |      26 |       0 |   0.0
        D:2 |      33 |       1 |   2.9 |      11 |       1 |   8.3
        D:3 |     170 |       0 |   0.0 |      22 |       0 |   0.0
            +---------+---------+-------+---------+---------+-------
